 Dungeon Crawl Stone Soup version 0.27.1-3-gb3d3a73c9e (webtiles) character file.

Game seed: 9431303279114213935

69 Atelerd the Sneak (level 4, -9/27 HPs)
             Began as an Octopode Earth Elementalist on Oct 12, 2021.
             Mangled by a gnoll (14 damage)
             ... on level 2 of the Dungeon.
             The game lasted 00:01:11 (1459 turns).

Atelerd the Sneak (Octopode Earth Elementalist)     Turns: 1459, Time: 00:01:12

Health: -9/27      AC:  1    Str:  7    XL:     4   Next: 20%
Magic:  1/7        EV: 13    Int: 18    God:
Gold:   155        SH:  0    Dex: 12    Spells: 7/8 levels left

rFire    . . .     SeeInvis .   f - +0 dagger
rCold    . . .     Faith    .   (no shield)
rNeg     . . .     Spirit   .   (helmet restricted)
rPois    .         Reflect  .   e - amulet of regeneration
rElec    .         Harm     .   (no ring)
rCorr    .         Rampage  .   (no ring)
Will     .....                  (no ring)
Stlth    ++++......             (no ring)
HPRegen  1.09/turn              (no ring)
MPRegen  0.10/turn              (no ring)
                                (no ring)
                                (no ring)

@: no status effects
A: almost no armour, amphibious, 8 rings, camouflage 1, gelatinous body 1,
(nimble swimmer 1), tentacles
a: no special abilities


You were on level 2 of the Dungeon.
You visited 1 branch of the dungeon, and saw 2 of its levels.

You collected 155 gold pieces.

Inventory:

Hand Weapons
 f - a +0 dagger (weapon)
Missiles
 b - 57 stones
Jewellery
 e - an amulet of regeneration (around mantle)
Scrolls
 a - 2 scrolls of identify {unknown}
 c - a scroll of fear {unknown}
 g - a scroll of acquirement {unknown}
Potions
 d - a potion of resistance {unknown}
 h - a potion of might {unknown}


   Skills:
 - Level 2.0 Dodging
 * Level 4.4 Stealth
 + Level 2.5 Spellcasting
 + Level 1.8 Transmutations
 + Level 3.4 Earth Magic


You had 7 spell levels left.
You knew the following spells:

 Your Spells              Type           Power      Damage    Failure   Level
a - Sandblast             Erth           28%        2d8       4%          1

Your spell library contained the following spells:

 Spells                   Type           Power      Damage    Failure   Level
 Passwall                 Tmut/Erth      9%         N/A       9%          2
 Slow                     Hex            2%         N/A       26%         2
 Stone Arrow              Conj/Erth      16%        3d8       26%         3
 Confusing Touch          Hex            2%         N/A       45%         3
 Vampiric Draining        Necr           1%         2d6       45%         3
 Petrify                  Tmut/Erth      11%        N/A       50%         4


Dungeon Overview and Level Annotations

Branches:
Dungeon (2/15)

Altars:


Innate Abilities, Weirdness & Mutations

You cannot wear most types of armour.
You are amphibious.
You can wear up to eight rings at the same time.
Your skin changes colour to match your surroundings (Stealth+).
Your rubbery body absorbs attacks. (AC +1, EV +1)
((You are camouflaged near water. (Stealth+)))
You have tentacles for arms and can constrict up to eight enemies at once.


Message History

You have reached level 4!
The blast of sand hits the gnoll.
The gnoll is heavily wounded.
The gnoll closely misses you.
Unknown command.
The blast of sand hits the gnoll.
The gnoll is severely wounded.
The gnoll hits you with a +0 club!
You barely miss the gnoll. You grab the gnoll. You squeeze the gnoll.
You kill the gnoll!
The blast of sand hits the endoplasm.
You kill the endoplasm!
The blast of sand hits the gnoll.
The gnoll is lightly wounded.
The gnoll misses you.
The blast of sand hits the gnoll!
The gnoll is severely wounded.
The gnoll barely misses you.
You hit the gnoll. Your grab misses the gnoll. Your squeeze misses the gnoll.
The gnoll is severely wounded.
The gnoll hits you with a +0 flail!
You are too depleted to draw on your mana recklessly!
You hit the gnoll but do no damage. You grab the gnoll.
The gnoll is severely wounded.
You constrict the gnoll, but do no damage.
The gnoll hits you with a +0 flail!
* * * LOW HITPOINT WARNING * * *
You are too injured to fight recklessly!
Casting: Sandblast (safe; 4% risk of failure)
Confirm with . or Enter, or press ? or * to list all spells.
You don't have enough magic to cast this spell.
Unknown command.
Unknown command.
Unknown command.
You completely miss the gnoll.
The gnoll is severely wounded.
You constrict the gnoll, but do no damage.
The gnoll hits you with a +0 flail!
Ouch! That really hurt!
You die...

## #### #. ..# #. #.# #
#. ####.########
....##.##...........##
#.....g@(##.##.##.#.##
#..##.#####.##.#.###.##
#. ...##..## ##.#
#######.####.###.##
#.......####....#
#.......>.>.....#
#.......#####...#
#.######.......# ##.##
#..............# #.#


You could see a gnoll.

Vanquished Creatures
  A hound skeleton (D:2)
  2 gnolls (D:2)
  A worm (D:2)
  A dart slug (D:2)
  6 ball pythons
  2 endoplasms (D:2)
  2 goblins
  6 hobgoblins
  2 kobolds (D:2)
  2 quokkas
  2 bats (D:1)
  3 frilled lizards (D:2)
  3 rats
33 creatures vanquished.

Notes
Turn   | Place    | Note
-------+----------+-------------------------------------------
     0 | D:1      | Atelerd the Octopode Earth Elementalist began the quest for
                  | the Orb.
     0 | D:1      | Reached XP level 1. HP: 11/11 MP: 3/3
   173 | D:1      | Reached skill level 3 in Stealth
   199 | D:1      | Found a faded altar of an unknown god.
   267 | D:1      | Reached XP level 2. HP: 7/17 MP: 0/5
   952 | D:2      | Reached XP level 3. HP: 18/21 MP: 1/6
  1421 | D:2      | Reached skill level 4 in Stealth
  1451 | D:2      | Reached XP level 4. HP: 27/27 MP: 5/7
  1459 | D:2      | Mangled by a gnoll

Illustrated notes

Levels and vault maps discovered:
D:1:      saegor_arrival_under_anarchy, layout_loops_ring,
          ebering_ecumenical_altar_hall
D:2:      layout_loops_cross, serial_shops, shop_fountains

Skill      XL: |  1  2  3 |
---------------+----------+-----
Stealth        | 3 4 |  4.4
Dodging        | |  2.0
Spellcasting   | |  2.5
Transmutations | |  1.8
Earth Magic    | |  3.4

Action                   |  1- 3 |  4- 6 || total
-------------------------+-------+-------++-------
Melee: Unarmed           |     3 |       ||     3
       Dagger            |    49 |     4 ||    53
       Constrict         |    14 |     2 ||    16
       Tentacles         |     5 |     1 ||     6
 Cast: Sandblast         |    18 |     5 ||    23
 Stab: Sleeping          |     5 |       ||     5
Armor: Skin              |     3 |       ||     3
Dodge: Dodged            |    30 |     3 ||    33
